 Dungeon Crawl Stone Soup version 0.28-b1-25-g9875b3fc8c (webtiles) character file.

Game seed: 16891970567190241846

4039 Armakuni the Fighter (level 10, -12/91 HPs)
             Began as a Hill Orc Delver on Feb 6, 2022.
             Was an Initiate of the Shining One.
             Mangled by Grum (18 damage)
             ... on level 9 of the Dungeon.
             The game lasted 00:15:18 (6858 turns).

Armakuni the Fighter (Hill Orc Delver)              Turns: 6858, Time: 00:15:19

Health: -12/91     AC: 10    Str: 20    XL:     10   Next: 24%
Magic:  10/10      EV: 13    Int:  6    God:    the Shining One [......]
Gold:   165        SH:  0    Dex: 12    Spells: 9/9 levels left

rFire   . . .      SeeInvis .   a - +12 rapier of Qerro {vorpal, Fly Will+ Int-4}
rCold   + . .      Faith    .   (no shield)
rNeg    . . .      Spirit   .   w - +0 ring mail
rPois   +          Reflect  .   (no helmet)
rElec   .          Harm     .   (no cloak)
rCorr   .          Rampage  .   r - +0 pair of gloves
Will    +....                   G - +1 pair of boots
Stlth   +.........              R - amulet of regeneration
HPRegen 1.05/turn               J - ring of protection from cold
MPRegen 0.12/turn               P - ring of poison resistance

@: flying, glowing
A: no striking features
a: Renounce Religion


You were on level 9 of the Dungeon.
You worshipped the Shining One.
The Shining One was noncommittal.
You visited 2 branches of the dungeon, and saw 10 of its levels.
You also visited: Ossuary.

You collected 332 gold pieces.
You spent 167 gold pieces at shops.

Inventory:

Hand Weapons
 a - the +12 rapier of Qerro (weapon) {vorpal, Fly Will+ Int-4}
   (You found it on level 2 of the Dungeon)

   It inflicts extra damage upon your enemies.
   Int:       It affects your intelligence (-4).
   Fly:       It grants you flight.
   Will:      It increases your willpower.
 b - a +0 war axe
 m - a +0 hand axe
Missiles
 n - 2 javelins (quivered)
 s - 32 poisoned darts
 z - 4 curare-tipped darts
Armour
 h - a +0 scale mail
 r - a +0 pair of gloves (worn)
 u - a +0 kite shield
 w - a +0 ring mail (worn)
 G - a +1 pair of boots (worn)
 I - a +1 kite shield of poison resistance
Magical Staves
 i - a staff of conjuration
Jewellery
 J - a ring of protection from cold (left hand)
 P - a ring of poison resistance (right hand)
 R - an amulet of regeneration (around neck)
Wands
 g - a wand of digging (5)
 j - a wand of iceblast (13)
 E - a wand of polymorph (8)
Scrolls
 c - a scroll of fog
 e - a scroll of magic mapping
 p - 2 scrolls of noise
 x - 3 scrolls of teleportation
 y - a scroll of fear
 A - a scroll of vulnerability
 B - a scroll of brand weapon {unknown}
 C - a scroll of acquirement {unknown}
 H - 3 scrolls of identify
Potions
 d - 2 potions of curing
 f - a potion of haste
 k - a potion of brilliance {unknown}
 l - a potion of invisibility {unknown}
 o - a potion of berserk rage {unknown}
 q - a potion of mutation {unknown}
 t - 2 potions of lignification {unknown}
 v - 2 potions of degeneration {unknown}
 D - 3 potions of flight {unknown}
 F - a potion of attraction {unknown}


   Skills:
 + Level 9.6 Fighting
 - Level 7.0 Short Blades
 - Level 3.6 Axes
 + Level 7.7 Armour
 + Level 6.2 Dodging
 - Level 4.1 Stealth


You had 9 spell levels left.
You didn't know any spells.
Your spell library contained the following spells:

 Spells                   Type           Power      Damage    Failure   Level
 Foxfire                  Conj/Fire      0%         2x1d4     61%         1
 Shock                    Conj/Air       0%         1d3       61%         1
 Ensorcelled Hibernation  Hex/Ice        0%         N/A       75%         2
 Conjure Flame            Conj/Fire      0%         6-21      93%         3
 Inner Flame              Hex/Fire       0%         N/A       93%         3
 Spider Form              Tmut/Pois      0%         N/A       93%         3
 Swiftness                Air            0%         N/A       93%         3
 Airstrike                Air            0%         N/A       100%        4
 Anguish                  Hex/Necr       0%         N/A       100%        4
 Flame Wave               Conj/Fire      0%         2d4       100%        4


Dungeon Overview and Level Annotations

Branches:
Dungeon (9/15)             Temple (1/1) D:6         Ossuary (visited)
   Lair: D:8-11         Orc: D:9-12

Altars:
Ashenzari
Cheibriados
Dithmenos
Elyvilon
Fedhas
Gozag
Hepliaklqana
Kikubaaqudgha
Makhleb
Nemelex Xobeh
Okawaru
Qazlal
Ru
Sif Muna
Trog
Uskayaw
Vehumet
Wu Jian
Xom
Yredelemnul
Zin
The Shining One

Shops:
D:8 *

Annotations:
D:9 Grum


Message History

The wolf barely misses you.
You puncture the wolf!
You kill the wolf!
The wolf bites you.
You puncture the wolf!
The wolf is almost dead.
The wolf misses you.
You hit the wolf.
The wolf is moderately wounded.
The wolf closely misses you. x2; The wolf bites you.
You barely miss the wolf.
The wolf is moderately wounded.
The wolf bites you but does no damage. The wolf closely misses you.
The wolf bites you.
You hit the wolf.
The wolf is severely wounded.
The wolf bites you but does no damage. The wolf bites you.
The wolf barely misses you.
You puncture the wolf!
You kill the wolf!
The wolf completely misses you.
You hit the wolf.
You kill the wolf!
You puncture the yak!
You kill the yak!
Things that are here:
a yak corpse; a wolf corpse You barely miss Grum.
Grum hits you with a -1 spear.
You puncture Grum!
Grum is moderately wounded.
Grum hits you with a -1 spear!
* * * LOW HITPOINT WARNING * * *
You hit Grum.
Grum is heavily wounded.
Grum hits you with a -1 spear!
* * * LOW HITPOINT WARNING * * *
Grum hits you from afar with a -1 spear!!
* * * LOW HITPOINT WARNING * * *
Grum hits you from afar with a -1 spear!!
You die...

.............<.......
.....................
.....................
.....................
........#############
#######.# #.#
#######.###########
........@..........
.........>.........
..........gh.......
###########.#######
#†#
######.#############
...........h.........
.........[...........
#####################


You could see Grum and a wolf.

Vanquished Creatures
  A komodo dragon (D:7)
  3 yaks (D:9)
  A wyvern (D:8)
  A steam dragon (D:7)
  A sky beast (D:7)
  2 water moccasins
  An orc warrior (D:6)
  A black bear (D:8)
  3 ogres
  3 wolves (D:9)
  A necrophage (D:4)
  3 centaurs
  2 kobold brigands
  7 bullfrogs
  A wyvern zombie (D:8)
  2 scorpions
  A wyvern skeleton (D:5)
  A water moccasin zombie (D:5)
  An electric eel (D:6)
  A centaur zombie (D:5)
  4 hounds
  4 orc priests
  2 jellies
  A centaur skeleton (D:6)
  2 gnoll shamans
  5 iguanas
  2 howler monkey zombies
  A howler monkey skeleton (D:4)
  14 gnolls
  7 adders
  A white imp (D:7)
  An adder skeleton (D:4)
  A dart slug (D:5)
  17 orcs
  6 endoplasms
  4 giant cockroaches
  9 goblins
  5 hobgoblins
  4 jackals
  2 quokkas
  3 ball pythons (D:3)
  3 bats
  2 frilled lizards
  16 kobolds
  4 rats
157 creatures vanquished.

Vanquished Creatures (others)
  2 plants (D:6)
  3 withered plants (Ossuary)
5 creatures vanquished.

Grand Total: 162 creatures vanquished

Notes
Turn   | Place    | Note
-------+----------+-------------------------------------------
     0 | D:5      | Armakuni the Hill Orc Delver began the quest for the Orb.
     0 | D:5      | Reached XP level 1. HP: 19/19 MP: 1/1
    14 | D:6      | Noticed a kobold brigand
    16 | D:6      | Noticed a jelly
    21 | D:6      | Noticed an iguana
   155 | D:5      | Noticed a hound
   180 | D:5      | Found a sand-covered staircase.
   185 | Ossuary  | Entered an ossuary
   325 | D:4      | Noticed a necrophage
   372 | D:3      | Noticed an iguana
   796 | D:1      | Found a faded altar of an unknown god.
   821 | D:1      | Reached XP level 2. HP: 17/27 MP: 2/2
   933 | D:1      | Reached skill level 4 in Fighting
  1860 | D:2      | Identified the +12 rapier of Qerro {vorpal, Fly Will+
                  | Int-4}
  1957 | D:2      | Reached XP level 3. HP: 33/33 MP: 3/3
  2254 | D:3      | You are sucked into a shaft and drop 2 floors!
  2281 | D:4      | Killed a necrophage
  2282 | D:4      | Reached XP level 4. HP: 36/40 MP: 4/4
  2289 | D:4      | Noticed an ogre
  2321 | D:4      | Killed an ogre
  2322 | D:4      | Reached XP level 5. HP: 46/46 MP: 5/5
  2335 | D:4      | Noticed an ogre
  2351 | D:4      | Killed an ogre
  2352 | D:4      | Reached skill level 5 in Short Blades
  2352 | D:4      | Reached XP level 6. HP: 38/52 MP: 6/6
  3189 | D:4      | Reached XP level 7. HP: 51/59 MP: 7/7
  3580 | D:4      | Found a bloodstained altar of Trog.
  3706 | D:5      | Reached skill level 1 in Armour
  3908 | D:5      | Reached skill level 5 in Fighting
  3935 | D:5      | Reached XP level 8. HP: 65/68 MP: 8/8
  4386 | D:6      | Reached skill level 6 in Fighting
  4567 | D:6      | Reached skill level 7 in Fighting
  4622 | D:6      | Reached skill level 5 in Armour
  4622 | D:6      | Reached XP level 9. HP: 75/79 MP: 9/9
  4667 | D:6      | Found a staircase to the Ecumenical Temple.
  4767 | Temple   | Entered the Ecumenical Temple
  5002 | Temple   | Became a worshipper of the Shining One
  5905 | D:7      | Noticed a komodo dragon
  5919 | D:7      | Killed a komodo dragon
  5920 | D:7      | Reached skill level 8 in Fighting
  5920 | D:7      | Reached skill level 5 in Dodging
  6595 | D:8      | Found Omahir's Serpentskin Sales.
  6613 | D:8      | Bought 3 curare-tipped darts for 19 gold pieces
  6613 | D:8      | Bought a +1 kite shield of poison resistance for 148 gold
                  | pieces
  6649 | D:8      | Reached skill level 9 in Fighting
  6710 | D:8      | Reached XP level 10. HP: 77/91 MP: 10/10
  6815 | D:9      | Identified the +1 ring mail "Hisif" {Harm rN+ Stlth-}
  6820 | D:9      | Noticed Grum
  6854 | D:9      | HP: 2/91 [Grum (18)]
  6858 | D:9      | Mangled by Grum

Illustrated notes

Levels and vault maps discovered:
D:1:      lemuel_arrival_tunnels, layout_loops_corners,
          shapermc_ecumenical_altar_mp_urbaneastern
D:2:      layout_loops_ring
D:3:      layout_loops_ring
D:4:      layout_loops_ring, mainiacjoe_overflow_catwalk
D:5:      layout_basic, nicolae_ossuary_entry_ruins
D:6:      layout_basic, minmay_temple_entry_slanted, nicolae_zen_rock_garden,
          serial_bayou_pond_b, hex_intersection
D:7:      layout_basic
D:8:      layout_loops_cross, guppyfry_shop_venom
D:9:      layout_long_grid, uniq_grum
Temple:   mainiacjoe_temple_hex_bubbles

Skill      XL: |  1  2  3  4  5  6  7  8  9 10 |
---------------+-------------------------------+-----
Axes           | 3 |  3.6
Fighting       | 4 5 7 9 |  9.6
Short Blades   | 3 4 5 6 7 |  7.0
Armour         | 2 5 7 |  7.7
Dodging        | 2 4 5 6 |  6.2
Stealth        | |  4.1

Action                   |  1- 3 |  4- 6 |  7- 9 | 10-12 || total
-------------------------+-------+-------+-------+-------++-------
Melee: Hand axe          |    63 |       |       |       ||    63
       Rapier            |    15 |    66 |   206 |    25 ||   312
       Punch             |     1 |     1 |     3 |       ||     5
Throw: Javelin           |       |     3 |     1 |       ||     4
Evoke: Wand              |       |       |     7 |       ||     7
  Use: Scroll            |     5 |     1 |     1 |       ||     7
 Stab: Sleeping          |    10 |     4 |     2 |       ||    16
Armor: Leather armour    |    19 |    11 |     4 |       ||    34
       Ring mail         |       |       |    58 |    14 ||    72
Dodge: Dodged            |    35 |    24 |   129 |    23 ||   211
